Map: Deathaura LE

Players

Hooloovoo

  • Race: Protoss Protoss
  • League: Master
  • Spawn Location: 5:00

ViBE - Winner!

  • Race: Protoss Protoss
  • League: Gold
  • Spawn Location: 11:00

VOD

https://youtu.be/_0E_isPa9Ls?list=PLFeZeom2b4DnD3FIu7pzkXl51JX_WWz2h&t=4197

Description

Time

  • Played on: March 20, 2021, 12:16 a.m.
  • Length: 12:34
Show
View Real Time Build Order
Export as new Build Order

Hooloovoo Protoss 

Build Orders: 1 Gate Expand, Zealot Archon 

Get SALT Encoding   

  12  0:00  Probe  
  13  0:12  Probe  
  14  0:22  Pylon  
  14  0:24  Probe  
  15  0:40  Probe  
  16  0:43  Gateway  
  16  0:52  Probe  
  16  0:53  Assimilator  
  17  1:04  Probe (Chrono Boost)  
  18  1:13  Probe (Chrono Boost)  
  19  1:19  Probe  
  20  1:34  Probe, Nexus  
  21  1:45  Cybernetics Core  
  21  1:51  Pylon  
  21  1:53  Probe  
  22  2:05  Probe  
  23  2:15  Assimilator  
  23  2:18  Probe (Chrono Boost)  
  23  2:22  Stalker, Warp Gate  
  27  2:30  Probe (Chrono Boost)  
  27  2:35  Pylon  
  27  2:38  Probe (Chrono Boost)  
  28  2:47  Probe (Chrono Boost)  
  30  2:52  Probe (Chrono Boost)  
  30  2:57  Probe (Chrono Boost)  
  30  2:58  Stalker  
  33  2:59  Gateway  
  33  3:01  Probe (Chrono Boost)  
  33  3:02  Probe (Chrono Boost)  
  35  3:12  Probe (Chrono Boost)  
  36  3:14  Probe (Chrono Boost)  
  36  3:16  Pylon  
  36  3:19  Assimilator  
  37  3:24  Probe (Chrono Boost)  
  37  3:26  Probe (Chrono Boost)  
  39  3:28  Sentry  
  41  3:47  Assimilator  
  41  3:50  Stalker  
  43  3:58  Robotics Facility  
  43  4:01  Pylon  
  43  4:03  Pylon  
  43  4:10  Probe x2, Gateway x2  
  45  4:19  Stalker  
  45  4:22  Probe  
  45  4:23  Probe  
  49  4:34  Stalker  
  49  4:36  Probe x2  
  53  4:48  Probe, Nexus  
  53  4:49  Probe  
  53  4:52  Immortal  
  59  5:01  Probe  
  59  5:02  Stalker x2  
  64  5:12  Forge  
  64  5:15  Twilight Council  
  64  5:22  Probe x2 (Chrono Boost)  
  66  5:32  Probe x2 (Chrono Boost)  
  68  5:36  Pylon  
  68  5:39  Probe  
  68  5:40  Probe  
  68  5:41  Pylon  
  70  5:49  Stalker  
  72  5:50  Stalker x3  
  78  5:57  Immortal  
  78  6:00  Probe x3  
  78  6:03  Protoss Ground Weapons Level 1 (Chrono Boost)  
  85  6:07  Charge  
  85  6:15  Forge  
  85  6:20  Pylon  
  85  6:21  Forge  
  85  6:29  Gateway  
  85  6:34  Gateway  
  85  6:36  Probe x2, Gateway  
  85  6:37  Probe  
  85  6:38  Gateway  
  88  6:48  Protoss Ground Armor Level 1 (Chrono Boost)  
  88  6:49  Templar Archives  
  88  6:51  Protoss Shields Level 1 (Chrono Boost)  
  88  7:02  Stalker x2  
  88  7:03  Stalker x2  
  88  7:07  Probe x3  
  99  7:12  Assimilator  
  99  7:15  Assimilator  
  99  7:19  Probe x3  
  99  7:20  Observer  
  103  7:26  High Templar x4  
  103  7:27  High Templar  
  113  7:30  Archon x2  
  113  7:38  High Templar  
  113  7:39  Zealot  
  117  7:44  Archon  
  117  8:14  Pylon  
  117  8:16  Pylon  
  117  8:25  Nexus  
  117  8:27  Pylon  
  117  8:30  Pylon  
  117  8:32  Probe x3, Observer, Zealot x2  
  117  8:33  Pylon  
  125  8:44  Probe x3  
  128  8:56  Probe x3  
  131  9:08  Probe x3  
  134  9:11  Zealot x7  
  134  9:12  Zealot  
  150  9:21  Pylon  
  150  9:24  Pylon  
  150  9:43  Stalker  
  150  9:44  Stalker x4  
  150  9:45  Stalker x3  
  146  10:01  Probe x2  
  146  10:02  Probe  
  146  10:04  Probe  
  134  10:10  Zealot x4  
  134  10:11  Zealot x4  
  134  10:13  Probe x2  
  134  10:14  Probe  
  129  10:16  Probe  
  102  10:28  Assimilator  
  102  10:30  Assimilator  
  102  10:31  Zealot x7  
  102  10:32  Zealot  
  90  10:51  Zealot x2  
  90  10:52  Zealot x6  
  102  10:57  Gateway  
  102  10:59  Gateway  
  102  11:01  Gateway x2  
  102  11:03  Gateway  
  102  11:06  Gateway  
  102  11:09  Gateway  
  102  11:12  Gateway, Stalker  
  102  11:13  Stalker x7  
  102  11:15  Probe x4  
  122  11:27  Probe x3  
  122  11:36  Zealot x5  
  122  11:37  Zealot  
  98  11:50  Zealot x2  
  83  12:00  High Templar  
  83  12:01  High Templar x5  
  70  12:04  Archon  
  70  12:05  Archon x2  
Show
View Real Time Build Order
Export as new Build Order

ViBE Protoss - Winner!

Build Orders: 1 Gate Expand, Archon Immortal 

Get SALT Encoding   

  12  0:01  Probe  
  13  0:13  Probe  
  14  0:19  Pylon  
  14  0:25  Probe  
  15  0:37  Probe (Chrono Boost)  
  15  0:40  Gateway  
  16  0:49  Probe (Chrono Boost), Assimilator  
  17  0:58  Probe (Chrono Boost)  
  18  1:04  Probe  
  19  1:16  Probe  
  20  1:25  Nexus  
  20  1:28  Probe  
  21  1:45  Cybernetics Core  
  21  1:48  Probe  
  21  1:49  Assimilator  
  22  1:54  Pylon  
  22  2:00  Probe  
  23  2:12  Probe (Chrono Boost)  
  24  2:21  Stalker  
  24  2:22  Warp Gate  
  27  2:23  Probe (Chrono Boost)  
  27  2:27  Pylon  
  27  2:28  Probe (Chrono Boost)  
  28  2:37  Probe (Chrono Boost)  
  28  2:40  Probe (Chrono Boost)  
  30  2:47  Probe (Chrono Boost)  
  30  2:48  Probe (Chrono Boost)  
  32  2:52  Probe (Chrono Boost)  
  32  2:53  Sentry  
  32  2:58  Robotics Facility  
  35  2:59  Gateway  
  35  3:04  Probe x2  
  37  3:11  Pylon  
  37  3:16  Probe x2  
  39  3:20  Stalker  
  41  3:28  Probe x2  
  43  3:36  Pylon  
  43  3:40  Probe x2  
  45  3:52  Probe x2  
  47  3:57  Nexus  
  47  3:59  Pylon  
  47  4:04  Probe (Chrono Boost)  
  47  4:05  Probe (Chrono Boost), Assimilator  
  47  4:07  Immortal, Assimilator  
  53  4:16  Stalker  
  53  4:17  Probe x2 (Chrono Boost)  
  57  4:18  Stalker  
  57  4:22  Probe x2 (Chrono Boost)  
  61  4:31  Probe x2  
  63  4:41  Stalker  
  63  4:42  Stalker  
  63  4:43  Probe  
  63  4:44  Probe, Pylon  
  69  4:50  Pylon  
  69  4:53  Immortal  
  69  4:55  Probe (Chrono Boost)  
  69  4:56  Probe (Chrono Boost)  
  77  5:07  Probe (Chrono Boost)  
  77  5:08  Probe (Chrono Boost)  
  77  5:12  Probe (Chrono Boost)  
  80  5:16  Probe x2 (Chrono Boost)  
  80  5:19  Probe (Chrono Boost)  
  81  5:22  Stalker x2  
  81  5:23  Probe x2 (Chrono Boost)  
  81  5:24  Probe  
  88  5:30  Twilight Council  
  88  5:31  Forge  
  88  5:34  Probe x2, Forge  
  90  5:36  Probe  
  90  5:38  Immortal  
  95  5:49  Nexus  
  95  5:52  Pylon  
  95  5:56  Pylon, Stalker x2  
  99  5:58  Probe x2  
  99  5:59  Probe  
  102  6:04  Pylon  
  102  6:06  Assimilator  
  102  6:07  Charge  
  102  6:08  Assimilator  
  102  6:12  Protoss Ground Weapons Level 1 (Chrono Boost), Protoss Ground Armor Level 1 (Chrono Boost)  
  102  6:22  Probe x2 (Chrono Boost)  
  102  6:23  Probe (Chrono Boost)  
  105  6:27  Zealot x2  
  105  6:29  Immortal  
  113  6:36  Probe x3 (Chrono Boost)  
  116  6:48  Gateway  
  116  6:50  Gateway  
  116  6:55  Gateway  
  116  6:56  Probe x2, Gateway  
  116  6:57  Probe  
  116  7:00  Gateway  
  116  7:01  Gateway  
  119  7:03  Pylon  
  119  7:07  Pylon  
  119  7:08  Probe x2  
  119  7:09  Probe, Zealot x2  
  119  7:12  Immortal  
  130  7:19  Templar Archives  
  130  7:21  Probe x3  
  133  7:24  Probe  
  134  7:33  Probe  
  134  7:35  Nexus  
  135  7:37  Zealot  
  135  7:38  Pylon, Zealot  
  135  7:41  Pylon  
  139  7:47  Assimilator x2  
  139  7:53  Immortal  
  139  7:56  High Templar x3  
  139  7:57  High Templar x4  
  139  7:58  High Templar  
  159  8:01  Archon x3  
  159  8:02  Archon  
  159  8:05  Protoss Ground Weapons Level 2 (Chrono Boost), Protoss Ground Armor Level 2 (Chrono Boost)  
  159  8:11  Pylon  
  159  8:22  Gateway  
  159  8:25  Gateway  
  159  8:28  Gateway x2  
  159  8:32  Zealot x2  
  159  8:33  Zealot x5  
  159  8:34  Zealot  
  175  8:56  Zealot x3  
  175  8:57  Zealot x5  
  190  9:15  Nexus  
  190  9:17  Pylon  
  190  9:20  Pylon  
  190  9:34  Nexus  
  190  9:42  Robotics Facility  
  190  9:43  Gateway  
  190  9:45  Gateway  
  190  9:48  Gateway x2  
  190  9:50  Gateway  
  190  9:51  Gateway  
  190  9:53  Gateway x2  
  190  9:55  Gateway x2  
  190  9:57  Gateway  
  170  10:00  Pylon  
  170  10:01  High Templar x5  
  170  10:02  High Templar x6, Pylon  
  170  10:03  High Templar  
  170  10:04  Immortal  
  180  10:07  Archon x3  
  180  10:08  Archon x2  
  180  10:09  Archon  
  152  10:24  Probe  
  133  10:33  Zealot x2  
  133  10:34  Zealot x4  
  133  10:35  Zealot x3  
  147  10:36  Zealot x3  
  147  10:37  Zealot  
  147  10:39  Zealot  
  147  10:42  Immortal (Chrono Boost)  
  153  10:44  Observer (Chrono Boost)  
  154  10:53  Zealot x3  
  154  10:54  Zealot x6  
  154  10:55  Zealot x4  
  154  10:56  Zealot x2  
  176  10:59  Immortal (Chrono Boost)  
  176  11:01  High Templar x4  
  176  11:02  High Templar  
  176  11:03  High Templar  
  192  11:05  High Templar  
  192  11:06  High Templar  
  192  11:08  Archon x2  
  192  11:09  Archon x2  
  196  11:17  Zealot x2  
  198  11:40  Immortal x2  
Tags
 
Add a new tag
Caveats
  • Supply blocks, unpowered buildings, or Contaminate may cause inaccurate times.
  • Supply counts are checked every 10 seconds.